 Dungeon Crawl Stone Soup version 0.19.5 (webtiles) character file.

198 Reinor the Conjurer (level 5, -1/28 HPs)
             Began as a Tengu Air Elementalist on Mar 23, 2017.
             Was an Initiate of Vehumet.
             Slain by a wraith (11 damage)
             ... on level 6 of the Dungeon.
             The game lasted 00:12:58 (3212 turns).

Reinor the Conjurer (Tengu Air Elementalist)        Turns: 3212, Time: 00:12:58

Health: -1/28      AC:  3    Str:  8    XL:     5   Next: 76%
Magic:  14/21      EV: 12    Int: 17    God:    Vehumet [......]
Gold:   283        SH:  0    Dex: 14    Spells: 4 memorised, 1 level left

rFire  . . .     SeeInvis .     i - +3 spear (venom)
rCold  . . .     Gourm    .     a - +1 robe
rNeg   . . .     Faith    .     (no shield)
rPois  .         Spirit   .     (helmet restricted)
rElec  .         Reflect  .     (no cloak)
rCorr  .         Harm     .     (no gloves)
MR     .....                    (boots unavailable)
Stlth  ++........               (no amulet)
                                n - ring of wizardry
                                k - ring of magical power

@: slowed, very slow
A: beak, talons 3, able to fly 1
a: Fly, Renounce Religion


You were on level 6 of the Dungeon.
You worshipped Vehumet.
Vehumet was noncommittal.
You were not hungry.

You visited 2 branches of the dungeon, and saw 6 of its levels.

You collected 283 gold pieces.

Inventory:

Hand Weapons
 i - a +3 spear of venom (weapon)
Armour
 a - a +1 robe (worn)
Jewellery
 k - a ring of magical power (left hand)
 n - a ring of wizardry (right hand)
Scrolls
 j - a scroll of enchant armour
 m - a scroll of recharging
 o - a scroll of enchant weapon
 p - a scroll of random uselessness {unknown}
 q - 2 scrolls of identify
 t - a scroll of blinking
 u - a scroll of teleportation
 v - a scroll of fog
Potions
 d - 2 potions of magic
 e - a potion of brilliance
 l - 2 potions of heal wounds
 r - a potion of agility {unknown}
 s - a potion of degeneration {unknown}
Books
 b - a book of Air

   Spells                             Type                      Level
   a - Shock                          Conjuration/Air              1
   b - Swiftness                      Charms/Air                   2
   c - Repel Missiles                 Charms/Air                   2
   d - Static Discharge               Conjuration/Air              3
   e - Lightning Bolt                 Conjuration/Air              5
Comestibles
 c - 6 bread rations
 f - a chunk of flesh
 g - a beef jerky
 h - 4 fruits


   Skills:
 - Level 2.1 Dodging
 - Level 2.0 Stealth
 + Level 4.0 Spellcasting
 - Level 5.0 Conjurations
 - Level 4.0 Air Magic


You had one spell level left.
You knew the following spells:

 Your Spells              Type           Power        Failure   Level  Hunger
a - Shock                 Conj/Air       ###.         1%          1    None
b - Repel Missiles        Chrm/Air       ##....       4%          2    ##.....
c - Static Discharge      Conj/Air       ###.....     4%          3    ###....
d - Lightning Bolt        Conj/Air       ###.......   38%         5    ######.


Dungeon Overview and Level Annotations

Branches:
Dungeon (4/15)             Temple (1/1) D:4

Altars:
Cheibriados
Dithmenos
Elyvilon
Fedhas
Gozag
Hepliaklqana
Kikubaaqudgha
Makhleb
Qazlal
Ru
Sif Muna
Uskayaw
Vehumet
Xom
Yredelemnul
The Shining One


Innate Abilities, Weirdness & Mutations

You have a beak for a mouth.
You have claws for feet.
You can fly.


Message History

Confirm with . or Enter, or press ? or * to list all spells.
Aiming: Shock
Press: ? - help, Shift-Dir - straight line The zap hits the wraith.
The wraith appears unharmed.
The wraith is severely damaged.
The zap hits the wraith.
The wraith appears unharmed.
The wraith is severely damaged.
The wraith hits you. The wraith drains your vigour!
You feel as though you will be slow longer.
The wraith hits you but does no damage.
Casting: Shock
Confirm with . or Enter, or press ? or * to list all spells.
Aiming: Shock
Press: ? - help, Shift-Dir - straight line The zap hits the wraith.
The wraith is severely damaged.
The zap hits the wraith.
The wraith is severely damaged.
The wraith hits you!
You die...

#........# ##.......#
#.......# ##.......#
## ##########
#....#####
(###........####....#
..##...#......##....#
...#...##.....##....#
...'..W##......#@...##
...#...####....W..)..#
.(##...# #######....#
.###...# #....# ##
#...# ###### # #...#
.. #...+ ..##...#
W..#...#


You could see a wraith.

Vanquished Creatures
  A crimson imp (D:6)
  An orc wizard (D:4)
  4 adders
  An ooze (D:2)
  An adder skeleton (D:4)
  3 worms (D:3)
  5 dart slugs
  A leopard gecko (D:4)
  An orc (D:3)
  A ball python (D:3)
  3 giant cockroaches
  7 goblins
  12 hobgoblins
  3 jackals
  4 kobolds
  2 quokkas (D:4)
  6 bats
  8 frilled lizards
  A jackal skeleton (D:4)
  11 rats
76 creatures vanquished.

Notes
Turn   | Place    | Note
-------+----------+-------------------------------------------
     0 | D:1      | Reinor the Tengu Air Elementalist began the quest for the Orb.
     0 | D:1      | Reached XP level 1. HP: 10/10 MP: 4/4
   102 | D:1      | Reached skill level 2 in Conjurations
   215 | D:1      | Reached XP level 2. HP: 15/15 MP: 3/6
   284 | D:1      | Reached skill level 3 in Conjurations
   336 | D:1      | Learned a level 2 spell: Repel Missiles
   640 | D:1      | Reached XP level 3. HP: 19/19 MP: 3/7
   936 | D:2      | Learned a level 3 spell: Static Discharge
   971 | D:2      | Reached skill level 4 in Conjurations
  1207 | D:2      | Reached skill level 5 in Conjurations
  1207 | D:2      | Reached XP level 4. HP: 15/24 MP: 8/8
  1589 | D:2      | Found a stormy altar of Qazlal.
  2215 | D:3      | Gained mutation: You can fly. [Tengu growth]
  2215 | D:3      | Reached XP level 5. HP: 26/28 MP: 10/10
  2453 | D:4      | Found a staircase to the Ecumenical Temple.
  2468 | Temple   | Entered the Ecumenical Temple
  2550 | Temple   | Became a worshipper of Vehumet
  3007 | D:4      | Found a faded altar of an unknown god.
  3007 | D:4      | Found a faded altar of an unknown god.
  3012 | D:4      | Found a snail-covered altar of Cheibriados.
  3014 | D:4      | Found a faded altar of an unknown god.
  3015 | D:4      | Found a faded altar of an unknown god.
  3083 | D:4      | Found a deep blue altar of Sif Muna.
  3113 | D:4      | You fall through a shaft for 2 floors!
  3139 | D:6      | Learned a level 5 spell: Lightning Bolt
  3182 | D:6      | Noticed a wraith
  3212 | D:6      | Slain by a wraith

Skill      XL: |  1  2  3  4  5 |
---------------+----------------+-----
Conjurations   | 2 3 5 |  5.0
Spellcasting   | 3 4 |  4.0
Dodging        | |  2.1
Stealth        | |  2.0
Air Magic      | |  4.0

Action                   |  1- 3 |  4- 6 || total
-------------------------+-------+-------++-------
Melee: Unarmed           |     2 |       ||     2
       Peck              |     5 |     4 ||     9
       Spear             |    26 |    47 ||    73
       Kick              |     3 |    11 ||    14
 Cast: Shock             |    50 |    66 ||   116
  Use: Scroll            |     7 |     6 ||    13
 Stab: Sleeping          |       |     3 ||     3
  Eat: Chunk             |     2 |     6 ||     8
Armor: Robe              |     5 |    13 ||    18
Dodge: Dodged            |    18 |    19 ||    37
